 Dungeon Crawl Stone Soup version 0.30-a0-1018-g25214051b3 (webtiles) character file.

Game seed: 18245980189976492073

86 xian the Digger (level 4, -1/30 HPs)
             Began as a Demonspawn Earth Elementalist on Apr 7, 2023.
             Slain by Grinder (6 damage)
             ... while paralysed by Grinder
             ... on level 3 of the Dungeon.
             The game lasted 00:06:27 (1719 turns).

xian the Digger (Demonspawn Earth Elementalist)     Turns: 1719, Time: 00:06:28

Health: -1/30      AC:  5    Str:  9    XL:     4   Next: 27%
Magic:  6/8        EV:  2    Int: 18    God:
Gold:   61         SH:  0    Dex: 13    Spells: 8/9 levels left

rFire   . . .      SeeInvis .    o - +0 dagger (venom)
rCold   . . .      Faith    .    (no shield)
rNeg    . . .      Spirit   .    a - +0 robe
rPois   .          Reflect  .    (no helmet)
rElec   .          Rampage  .    (no cloak)
rCorr   .                        (no gloves)
Will    .....                    h - +0 pair of boots
Stlth   ++                       (no amulet)
HPRegen 0.25/turn                m - ring of flight
MPRegen 0.11/turn                (no ring)

@: paralysed, flying
A: molten scales 1, spiny 1
a: no special abilities


You were on level 3 of the Dungeon.
You visited 1 branch of the dungeon, and saw 3 of its levels.

You collected 61 gold pieces.

Inventory:

Hand Weapons
 o - a +0 dagger of venom (weapon)
Missiles
 j - 6 curare-tipped darts
Armour
 a - a +0 robe (worn)
 h - a +0 pair of boots (worn)
Jewellery
 m - a ring of flight (left hand)
Wands
 l - a wand of mindburst (2)
 p - a wand of iceblast (7)
Scrolls
 d - a scroll of poison
 e - 3 scrolls of identify
 k - a scroll of torment
Potions
 b - 2 potions of magic
 c - a potion of flight {unknown}
 f - 2 potions of curing {unknown}
 i - a potion of mutation {unknown}
 n - a potion of heal wounds {unknown}


   Skills:
 + Level 0.3 Fighting
 + Level 0.2 Short Blades
 + Level 2.1 Dodging
 + Level 2.1 Stealth
 + Level 3.0 Spellcasting
 + Level 0.8 Transmutations
 + Level 3.5 Earth Magic


You had 8 spell levels left.
You knew the following spells:

 Your Spells              Type           Power      Damage    Failure   Level
a - Sandblast             Erth           30%        2d9       3%          1

Your spell library contained the following spells:

 Spells                   Type           Power      Damage    Failure   Level
 Passwall                 Tmut/Erth      8%         N/A       10%         2
 Sting                    Tmut/Pois      16%        1d3       14%         1
 Apportation              Tloc           4%         N/A       16%         1
 Poisonous Vapours        Pois/Air       4%         N/A       24%         2
 Stone Arrow              Conj/Erth      18%        3d8       24%         3
 Petrify                  Tmut/Erth      10%        N/A       54%         4
 Olgreb's Toxic Radiance  Pois           2%         N/A       85%         4
 Alistair's Intoxication  Tmut/Pois      2%         N/A       98%         5


Dungeon Overview and Level Annotations

Branches:
Dungeon (3/15)

Altars:
Uskayaw

Shops:
D:2 :

Annotations:
D:3 Grinder, Ijyb


Innate Abilities, Weirdness & Mutations

You are partially covered in molten scales. (AC +2)
You are partially covered in sharp spines.


Message History

Grinder gestures at you. Pain shoots through your body!
* * * LOW HITPOINT WARNING * * *
Your Spellcasting skill increases to level 3!
Grinder grins, showing sharp teeth.
Grinder attacks as you move away! Grinder is struck by your spines.
Grinder hits you.
* * * LOW HITPOINT WARNING * * *
You writhe in agony.
* * * LOW HITPOINT WARNING * * *
Grinder blinks!
You start resting.
Grinder is nearby!
Grinder gestures at you.
You suddenly lose the ability to move!
You can move again.
Grinder gestures at you. Pain shoots through your body!
* * * LOW HITPOINT WARNING * * *
Okay, then.
Okay, then.
Grinder gestures at you. You resist with significant effort.
As you read the scroll labelled GEGRA OS QAST, it crumbles to dust.
It is a scroll of amnesia.
Really abort (and waste the scroll)?
Okay, then.
As you read the scroll labelled TUNOKA PORGHEUMA, it crumbles to dust.
It is a scroll of identify.
k - a scroll of torment
As you read the scroll of identify, it crumbles to dust.
d - a scroll of poison You hit Grinder but do no damage.
Grinder is poisoned.
Grinder gestures at you.
You suddenly lose the ability to move!
Grinder hits you but does no damage. Grinder hits you.
* * * LOW HITPOINT WARNING * * *
You writhe in agony.
You die...

.## #........####....#
..#######................#
..##..............###....#
.....####.........###.####
..#######.........##5.#
.##........#####.....######
...........#####.#........#
................5#.#......#
#......(........@..#......#
................###......#
................# #......#
............#####...####
............# #..###
............# #.#####
............####.....#
............#........#
..........###....#


You could see Grinder (very poisoned).

Vanquished Creatures
  2 gnolls (D:3)
  2 adders
  A worm (D:2)
  A dart slug (D:1)
  4 bats (D:2)
  4 endoplasms
  4 giant cockroaches
  4 goblins
  4 hobgoblins
  3 jackals (D:2)
  2 quokkas (D:1)
  6 ball pythons
  A frilled lizard (D:1)
  2 rats
40 creatures vanquished.

Notes
Turn   | Place    | Note
-------+----------+-------------------------------------------
     0 | D:1      | xian the Demonspawn Earth Elementalist began the quest for
                  | the Orb.
     0 | D:1      | Reached XP level 1. HP: 13/13 MP: 3/3
   220 | D:1      | Gained mutation: You are partially covered in molten
                  | scales. (AC +2) [demonic ancestry]
   220 | D:1      | Reached XP level 2. HP: 19/19 MP: 5/5
   826 | D:2      | Found a hide-covered altar of Uskayaw.
   866 | D:2      | Gained mutation: You are partially covered in sharp spines.
                  | [demonic ancestry]
   866 | D:2      | Reached XP level 3. HP: 18/24 MP: 1/6
   986 | D:2      | Found Dattucid's Book Boutique.
  1655 | D:3      | Noticed Ijyb
  1661 | D:3      | Noticed Grinder
  1664 | D:3      | Reached XP level 4. HP: 30/30 MP: 5/8
  1666 | D:3      | Paralysed by Grinder for 4 turns
  1690 | D:3      | Paralysed by Grinder for 4 turns
  1717 | D:3      | Paralysed by Grinder for 3 turns
  1719 | D:3      | Slain by Grinder

Illustrated notes

Levels and vault maps discovered:
D:1:      enne_arrival_octagon_isle, layout_loops_ring
D:2:      layout_rooms, basic_altar, serial_shops, nicolae_shop_waterfront,
          grunt_decor_junction, reono_crystal_passage,
          hangedman_decor_clover_reticule
D:3:      layout_rooms, chequers_ecumenical_altar_grove, minivault_26,
          uniq_grinder, uniq_ijyb

Skill      XL: |  1  2  3  4 |
---------------+-------------+-----
Stealth        | 2 |  2.1
Earth Magic    | 3 |  3.5
Dodging        | 2 |  2.1
Spellcasting   | 3 |  3.0
Fighting       | |  0.3
Short Blades   | |  0.2
Transmutations | |  0.8

Action                     |  1- 3 |  4- 6 || total
---------------------------+-------+-------++-------
  Melee: Unarmed           |     5 |       ||     5
         Short sword       |    15 |       ||    15
         Dagger            |     1 |     1 ||     2
   Cast: Sandblast         |    43 |     5 ||    48
    Use: Scroll            |       |     3 ||     3
   Stab: Sleeping          |     1 |       ||     1
 Armour: Robe              |    11 |     1 ||    12
  Dodge: Dodged            |    14 |     6 ||    20

Table legend: (Time is in decaauts)
 A = Elapsed time spent in this place.
 B = Non-inter-level travel time spent in this place.
 C = Inter-level travel time spent in this place.
 D = Time resting spent in this place.
 E = Time spent auto-exploring this place.
 F = Levels seen in this place.
 G = Mean time per level.
                   A        B        C        D        E       F      G
               +--------+--------+--------+--------+--------+-----+--------+
         Total |   1743 |   1718 |     25 |      2 |   1383 |   3 |  581.0 |
       Dungeon |   1743 |   1718 |     25 |      2 |   1383 |   3 |  581.0 |
               +--------+--------+--------+--------+--------+-----+--------+

Top non-repeatable levels by time:
     D:1: 834 daAuts
     D:2: 682 daAuts
     D:3: 226 daAuts
